[Event "ICCopen2017"]
[Site "Internet Chess Club"]
[Date "2017.03.19"]
[Round "11"]
[White "GoogleGirl"]
[Black "ramezsamir"]
[Result "1/2-1/2"]
[ICCResult "Game drawn by the 50 move rule"]
[WhiteElo "1890"]
[BlackElo "1948"]
[Opening "Queen's bishop game"]
[ECO "D00"]
[NIC "QP.08"]
[Time "21:14:07"]
[TimeControl "180+0"]

1. d4 d5 2. Bf4 Nf6 3. Nf3 c5 4. e3 Nc6 5. c3 Qb6 6. Qb3 c4 7. Qxb6 axb6 8.
Nbd2 Bf5 9. Ne5 Ne4 10. f3 Nxd2 11. Kxd2 e6 12. g4 Bg6 13. h4 h5 14. Nxg6
fxg6 15. g5 Na5 16. Bh3 Kd7 17. e4 Bd6 18. Bxd6 Kxd6 19. exd5 exd5 20. Rae1
Rae8 21. Rxe8 Rxe8 22. Re1 Rxe1 23. Kxe1 Nc6 24. f4 Ne7 25. Kf2 Nf5 26. Bxf5
gxf5 27. Ke3 Kc6 28. Kd2 Kb5 29. Kc2 Ka4 30. b3+ cxb3+ 31. axb3+ Kb5 32. Kd3
Kc6 33. c4 b5 34. c5 b4 35. Ke3 b6 36. cxb6 Kxb6 37. Kd2 Kb5 38. Kd3 Kc6 39.
Ke3 Kd6 40. Kf3 Ke6 41. Ke3 Kf7 42. Kd3 Kg6 43. Ke3 Kh7 44. Kd3 Kg6 45. Kc2
Kf7 46. Kb2 Ke6 47. Kc1 Kd6 48. Kc2 Kc6 49. Kd3 Kb5 50. Ke3 Ka5 51. Kf3 Kb6
52. Ke3 Kc6 53. Kd3 Kd6 54. Ke3 Ke6 55. Kd3 Kf7 56. Ke3 Kg6 57. Kd3 Kh7 58.
Ke2 Kh8 59. Ke3 Kg8 60. Kf3 Kf8 61. Ke3 Ke8 62. Kd3 Kd8 63. Ke3 Kc8 64. Kf3
Kb8 65. Ke3 Ka8 66. Kd3 Ka7 67. Ke3 Ka6 68. Kd3 Kb5 69. Kc2 Kc6 70. Kb2 Kd6
71. Kc2 Ke6 72. Kd3 Kf7 73. Ke3 Kg6 74. Kf3 Kh7 75. Kf2 g6 76. Kg3 Kg7 77.
Kf3 Kf7 78. Ke3 Ke6 79. Kd3 Kd6 80. Ke3 Kc6 81. Kd2 Kb6 82. Kd3 Ka6 83. Ke3
Kb7 84. Kd3 Kc6 85. Ke3 Kb5 86. Kd3 Ka5 87. Ke2 Ka6 88. Kf1 Kb6 89. Kf2 Ka7
90. Kg3 Kb8 91. Kh2 Kc7 92. Kg3 Kd8 93. Kf2 Ke7 94. Ke3 Kd6 95. Kd3 Kc6 96.
Kc2 Kb7 97. Kb2 Kc8 98. Kb1 Kd7 99. Kc1 Kd6 100. Kd2 Ke7 101. Kd3 Kd7 102.
Ke3 Kc7 103. Kf3 Kb6 104. Kg3 Ka6 105. Kh3 Kb7 106. Kg2 Kc7 107. Kf3 Kd7
108. Ke3 Kd6 109. Kd3 Ke7 110. Ke2 Kd6 111. Kd2 Ke7 112. Ke3 Kd6 113. Kd3
Ke7 114. Ke2 Kd6 115. Ke3 Kc7 116. Kf2 Kb6 117. Ke3 Kb5 118. Kd3 Ka6 119.
Kd2 Kb6 120. Kc2 Kc6 121. Kd3 Kd6 122. Kd2 Ke7 123. Ke3 Kf7 124. Kf2 Kg7
125. Kf3 Kf7 126. Ke3 Ke7 127. Ke2 Kd7 128. Kd3 Kc7 129. Ke3 Kb7 130. Kd2
Ka7 131. Kd3 Ka6 132. Ke3 Kb7 133. Kd2 Kc7 134. Kd3 Kd7 135. Ke3 Ke7 136.
Kf2 Kf7 137. Kg3 Kg7 138. Kf3 Kf7 139. Kg2 Ke7 140. Kf3 Kd7 141. Kf2 Kc7
142. Ke3 Kb6 143. Ke2 Kb7 144. Kd3 Kc7 145. Kd2 Kd7 146. Ke3 Ke7 147. Kd3
Kf7 148. Kd2 Ke7 149. Ke3 Kd7 150. Kd3 Kd6 151. Ke2 Kc6 152. Ke3 Kd7 153.
Kd3 Ke7 154. Kd2 Kf7 155. Kc2 Ke7 {Game drawn by the 50 move rule} 1/2-1/2

[Event "ICCopen2017"]
[Site "Internet Chess Club"]
[Date "2017.03.19"]
[Round "11"]
[White "shredded"]
[Black "Alwaysontime"]
[Result "1-0"]
[ICCResult "Black checkmated"]
[WhiteElo "2741"]
[BlackElo "2247"]
[Opening "Nimzo-Indian: Reshevsky variation"]
[ECO "E46"]
[NIC "NI.10"]
[Time "21:15:13"]
[TimeControl "180+0"]

1. d4 Nf6 2. c4 e6 3. Nc3 Bb4 4. e3 O-O 5. Ne2 d5 6. a3 Be7 7. cxd5 exd5 8.
Nf4 c6 9. Bd3 Nbd7 10. O-O Re8 11. f3 Bd6 12. e4 dxe4 13. fxe4 Qb6 14. Bc2
Be5 15. Nfe2 Bb8 16. Kh1 Nf8 17. Rxf6 gxf6 18. Qf1 Ng6 19. Qxf6 Qd8 20. Bg5
Qxf6 21. Bxf6 Bg4 22. Ng3 Bxg3 23. hxg3 Rac8 24. e5 b5 25. Ne4 Bf5 26. Rc1
Bxe4 27. Bxe4 Ne7 28. Kg1 Nd5 29. Bg5 Kg7 30. Kf2 h6 31. Bd2 Red8 32. Rh1
Rh8 33. b4 Ne7 34. g4 Ng6 35. Be3 Rh7 36. Rc1 h5 37. gxh5 Rxh5 38. Rxc6 Rch8
39. Rc7 Rf8 40. Rxa7 Rh1 41. Rb7 Ra1 42. Rxb5 Rxa3 43. Rb7 Ra2+ 44. Kf3 Ra3
45. g3 Rb3 46. b5 Rd8 47. b6 Rxd4 48. e6 Rdb4 49. Rxf7+ Kg8 50. Bxg6 Rxb6
51. Kf4 Rxe6 52. Bh5 Rb4+ 53. Kf3 Rxe3+ 54. Kxe3 Re4+ 55. Kxe4 Kh8 56. Kf5
Kg8 57. Kg6 Kh8 58. Rf8# {Black checkmated} 1-0

[Event "ICCopen2017"]
[Site "Internet Chess Club"]
[Date "2017.03.19"]
[Round "11"]
[White "manusupergm2001"]
[Black "HuevosDeLeon"]
[Result "0-1"]
[ICCResult "White checkmated"]
[WhiteElo "2177"]
[BlackElo "2608"]
[Opening "Alekhine's defense"]
[ECO "B02"]
[NIC "AL.10"]
[Time "21:15:11"]
[TimeControl "180+0"]

1. e4 Nf6 2. e5 Nd5 3. c4 Nb6 4. d4 d6 5. Nf3 Bg4 6. Be2 Nc6 7. exd6 exd6 8.
O-O Be7 9. b3 O-O 10. Bb2 Bf6 11. Nbd2 d5 12. c5 Nc8 13. Re1 N8e7 14. a3 Re8
15. b4 a6 16. h3 Be6 17. Bd3 g6 18. Qc2 Qd7 19. Nb3 Bg7 20. Rad1 Rad8 21.
Ng5 Bf5 22. Re2 Bxd3 23. Qxd3 Qf5 24. Qg3 Bh6 25. Nf3 Bf4 26. Qh4 g5 27. Qh5
Ng6 28. Rde1 Rxe2 29. Rxe2 Qd3 30. Nfd2 f6 31. Nc1 Qf5 32. Nf3 Qb1 33. Re1
Qxb2 34. Nd3 Qc2 35. Nxf4 Nxf4 36. Re8+ Kg7 37. Qg4 Rxe8 38. h4 Re2 39. hxg5
fxg5 40. Qxg5+ Ng6 41. Nh4 Rxf2 42. Kh2 Nxd4 43. Nxg6 Nf3+ 44. Kg3 Nxg5 45.
Nf4 Rxf4 46. Kxf4 Qxg2 47. Kf5 Qe4+ 48. Kxg5 d4 49. c6 d3 50. cxb7 Qxb7 51.
Kf4 d2 52. Ke5 d1=Q 53. Ke6 Qbd5+ 54. Ke7 Qe2# {White checkmated} 0-1

[Event "ICCopen2017"]
[Site "Internet Chess Club"]
[Date "2017.03.19"]
[Round "11"]
[White "MDRAFE3"]
[Black "unkavalo"]
[Result "0-1"]
[ICCResult "White forfeits on time"]
[WhiteElo "1960"]
[BlackElo "2426"]
[Opening "Trompowsky attack (Ruth, Opocenský opening)"]
[ECO "A45"]
[NIC "QP.07"]
[Time "21:15:05"]
[TimeControl "180+0"]

1. d4 Nf6 2. Bg5 c5 3. dxc5 e6 4. Nd2 Bxc5 5. e3 Be7 6. Ngf3 Nc6 7. c3 b6 8.
Bd3 Bb7 9. O-O O-O 10. e4 d6 11. Qe2 h6 12. Bh4 Qc7 13. Rad1 Rfd8 14. Bb1 a5
15. Bd3 Ne5 16. Nxe5 dxe5 17. Rfe1 Rd7 18. Nf3 Rad8 19. Bc2 Rxd1 20. Rxd1
Rxd1+ 21. Qxd1 Nxe4 22. Bxe7 Qxe7 23. Nxe5 Nf6 24. Qd4 Qc5 25. Qxc5 bxc5 26.
f3 Kf8 27. Kf2 Ke7 28. Ke2 Nd5 29. g3 Nb6 30. Bd3 f6 31. Nc4 Nxc4 32. Bxc4
e5 33. Ke3 g5 34. f4 exf4+ 35. gxf4 g4 36. f5 h5 37. Kf4 Bc6 38. Bf1 Bd5 39.
a3 c4 40. h3 gxh3 41. Bxh3 Kd6 42. Bf1 Kc5 43. Be2 h4 44. Bh5 h3 45. Kg3 Be4
46. Bg6 Kb5 47. Be8+ Kc5 48. Bd7 Kd6 49. Be6 Ke5 50. Bxc4 Bxf5 51. Bf1 Ke4
52. Bxh3 Bxh3 53. Kxh3 Ke3 54. Kg2 Ke2 55. Kg3 a4 56. Kf4 Kd3 57. Kf5 Kc2
58. c4 Kxb2 59. c5 Kxa3 60. c6 Kb2 61. c7 a3 62. c8=Q a2 63. Qb7+ Ka1 64.
Qc6 Kb2 65. Qb5+ Ka1 66. Qc4 Kb2 67. Qb4+ Ka1 68. Qc3+ Kb1 69. Qb4+ Ka1 70.
Qd2 Kb1 71. Qd1+ Kb2 72. Qd2+ Kb1 {White forfeits on time} 0-1

[Event "ICCopen2017"]
[Site "Internet Chess Club"]
[Date "2017.03.19"]
[Round "11"]
[White "ANGELLR"]
[Black "dalaz"]
[Result "1-0"]
[ICCResult "Black forfeits on time"]
[WhiteElo "1716"]
[BlackElo "1554"]
[Opening "Modern defense"]
[ECO "A40"]
[NIC "QO.17"]
[Time "21:15:16"]
[TimeControl "180+0"]

1. d4 g6 2. c4 c5 3. d5 b5 4. cxb5 a6 5. b6 Bg7 6. Nc3 Qxb6 7. Nf3 d6 8. Nd2
Nf6 9. Nc4 Qd8 10. e4 O-O 11. Bd3 Re8 12. O-O Bb7 13. h3 e6 14. Bc2 exd5 15.
exd5 Nbd7 16. Bf4 Nb6 17. Nxd6 Bxd5 18. Nxe8 Qxe8 19. Re1 Qc6 20. Nxd5 Nbxd5
21. Be4 Nxe4 22. Rxe4 Bxb2 23. Rb1 Nc3 24. Qe1 Nxb1 25. Qxb1 Bd4 26. Qe1 Qf6
27. Bg3 c4 28. Bh4 Qg7 29. Re8+ Rxe8 30. Qxe8+ Qf8 31. Qc6 Qb4 32. Qc8+ Kg7
33. Bg3 Qe1+ 34. Kh2 c3 35. Qc4 Bf6 36. Qxa6 Qd2 37. Qc4 c2 38. Bf4 Qd1 39.
Be3 Qd7 40. Qxc2 Be5+ 41. g3 Qd5 42. Qe2 Qxa2 43. Qxa2 Bf6 44. Bf4 h5 45.
Qe2 h4 46. Be5 hxg3+ 47. fxg3 g5 48. Bxf6+ Kxf6 49. Qg4 Kg6 50. Qd7 f6 51.
Qd5 {Black forfeits on time} 1-0

[Event "ICCopen2017"]
[Site "Internet Chess Club"]
[Date "2017.03.19"]
[Round "11"]
[White "BronStorm"]
[Black "CristianS"]
[Result "0-1"]
[ICCResult "White forfeits on time"]
[WhiteElo "1896"]
[BlackElo "1999"]
[Opening "Scotch game"]
[ECO "C45"]
[NIC "SO.05"]
[Time "21:15:32"]
[TimeControl "180+0"]

1. e4 e5 2. Nf3 Nc6 3. d4 exd4 4. Nxd4 Bc5 5. Be3 Qf6 6. c3 Nge7 7. g3 d6 8.
Bg2 h5 9. h3 h4 10. g4 Ng6 11. Qd2 Bxd4 12. cxd4 Bd7 13. Bg5 Qxd4 14. Nc3
Qxd2+ 15. Bxd2 O-O-O 16. f4 Rde8 17. O-O Nd4 18. Rf2 Bc6 19. b4 a6 20. a4
Nb3 21. Raf1 Nxd2 22. Rxd2 f6 23. b5 axb5 24. axb5 Bd7 25. Ra2 c6 26. b6 Kd8
27. Ra7 Bc8 28. Ne2 Nf8 29. Rd1 Ke7 30. Nd4 Nd7 31. Nf5+ Kf8 32. Nxd6 Nxb6
33. Nxe8 Kxe8 34. Rb1 Nd7 35. Ra8 Ke7 36. e5 fxe5 37. fxe5 Nxe5 38. Re1 Kd6
39. Ra5 Nd7 40. Rd1+ Kc7 41. Rg5 Nb6 42. Rxg7+ Bd7 {White forfeits on time}
0-1

[Event "ICCopen2017"]
[Site "Internet Chess Club"]
[Date "2017.03.19"]
[Round "11"]
[White "Eliezer"]
[Black "ChessOlympian"]
[Result "1-0"]
[ICCResult "Black checkmated"]
[WhiteElo "1573"]
[BlackElo "1705"]
[Opening "Sicilian: dragon, Yugoslav attack, Rauser variation"]
[ECO "B76"]
[NIC "SI.17"]
[Time "21:16:00"]
[TimeControl "180+0"]

1. e4 c5 2. Nf3 d6 3. d4 cxd4 4. Nxd4 Nf6 5. Nc3 g6 6. f3 Bg7 7. Be3 O-O 8.
Qd2 Nc6 9. O-O-O d5 10. Kb1 Nxd4 11. Bxd4 dxe4 12. Bxf6 Qxd2 13. Rxd2 Bxf6
14. Nxe4 Bg7 15. Bc4 Rb8 16. Rhd1 b5 17. Bb3 a5 18. c3 a4 19. Bc2 b4 20.
cxb4 Rxb4 21. b3 axb3 22. Bxb3 Be6 23. Rd8 Bxb3 24. axb3 Rxb3+ 25. Kc1 Rb8
26. Rxf8+ Rxf8 27. Rd7 e6 28. Kd1 Be5 29. h3 h6 30. Ke2 Rc8 31. Rd2 Kf8 32.
Ra2 f5 33. Nf2 Ke7 34. Nd3 Bd6 35. g4 Kf6 36. Rd2 e5 37. Nf2 Bc5 38. Rc2 Rc7
39. Nd3 Bd6 40. Rxc7 Bxc7 41. Nb4 Kg5 42. Nd5 Bd8 43. Kf2 Kh4 44. Kg2 e4 45.
fxe4 fxe4 46. Nc3 e3 47. Ne2 Bc7 48. Nd4 Be5 49. Nf3# {Black checkmated} 1-0

[Event "ICCopen2017"]
[Site "Internet Chess Club"]
[Date "2017.03.19"]
[Round "11"]
[White "ibarra"]
[Black "saya"]
[Result "1-0"]
[ICCResult "Black resigns"]
[WhiteElo "2756"]
[BlackElo "2797"]
[Opening "Sicilian: Najdorf, 6.Bg5"]
[ECO "B94"]
[NIC "SI.04"]
[Time "21:16:25"]
[TimeControl "180+0"]

1. e4 c5 2. Nf3 d6 3. d4 cxd4 4. Nxd4 Nf6 5. Nc3 a6 6. Bg5 Nbd7 7. f4 Qc7 8.
Qf3 h6 9. Bxf6 Nxf6 10. f5 Qc5 11. O-O-O g5 12. fxg6 Bg4 13. gxf7+ Kxf7 14.
Qd3 Bxd1 15. Nxd1 h5 16. g3 Bh6+ 17. Kb1 Qg5 18. a3 Rac8 19. Bh3 Rc5 20.
Qb3+ d5 21. Nc3 Qe5 22. Rd1 Rxc3 23. Qxc3 Nxe4 24. Qf3+ Qf6 25. Qxh5+ Kg7
26. Qxd5 Ng5 27. Bf5 Rf8 28. h4 Nh7 29. Ne6+ Kh8 30. Bxh7 Kxh7 31. Nxf8+
Bxf8 32. Qe4+ Kh8 33. Rd5 Bg7 34. Rd8+ Bf8 35. Qd4 Qxd4 36. Rxd4 {Black
resigns} 1-0

[Event "ICCopen2017"]
[Site "Internet Chess Club"]
[Date "2017.03.19"]
[Round "11"]
[White "CeffylGlas"]
[Black "ivancele"]
[Result "1/2-1/2"]
[ICCResult "Black ran out of time and White has no material to mate"]
[WhiteElo "1308"]
[BlackElo "1466"]
[Opening "Old Indian defense"]
[ECO "A42"]
[NIC "OI.07"]
[Time "21:15:29"]
[TimeControl "180+0"]

1. c4 d6 2. d4 f5 3. Nc3 Nf6 4. g3 g6 5. Bg2 c6 6. e4 fxe4 7. Nxe4 Bg7 8.
Nxf6+ exf6 9. Ne2 O-O 10. O-O Nd7 11. Be3 f5 12. f4 Nf6 13. Qc2 d5 14. cxd5
Nxd5 15. Bf2 Be6 16. Rac1 Qb6 17. a3 Rfe8 18. b4 a6 19. Rfe1 Rad8 20. Qc5
Qxc5 21. bxc5 Bf7 22. Nc3 Rxe1+ 23. Bxe1 Bxd4+ 24. Kh1 Nxc3 25. Bxc3 Bxc3
26. h3 Bb2 27. Re1 Re8 28. Rd1 Bxa3 29. Bf3 Bxc5 30. Rd7 Rb8 31. g4 Be6 32.
Rd1 a5 33. Rc1 Ba7 34. gxf5 Bxf5 35. Rd1 Bxh3 36. Kh2 Bf5 37. Kg3 Bc5 38.
Be2 a4 39. Bc4+ Kg7 40. Ra1 a3 41. Kf3 b5 42. Bb3 b4 43. Ke2 Bd6 44. Kf3 c5
45. Ra2 Rc8 46. Bc4 Bf8 47. Bb3 Kf6 48. Bc4 Be6 49. Ke4 Bxc4 50. Rc2 Be6 51.
Rd2 c4 52. Kf3 b3 53. Rd1 a2 54. Rc1 b2 55. Rc2 b1=Q 56. Rxa2 Qf1+ 57. Rf2
Qxf2+ 58. Kxf2 Kf5 59. Kf3 Bd6 60. Kg3 Bxf4+ 61. Kf3
{Black ran out of time and White has no material to mate}
1/2-1/2

[Event "ICCopen2017"]
[Site "Internet Chess Club"]
[Date "2017.03.19"]
[Round "11"]
[White "javi"]
[Black "kaimann"]
[Result "0-1"]
[ICCResult "White forfeits on time"]
[WhiteElo "1681"]
[BlackElo "1876"]
[Opening "Alekhine's defense: exchange variation"]
[ECO "B03"]
[NIC "AL.08"]
[Time "21:15:47"]
[TimeControl "180+0"]

1. e4 Nf6 2. e5 Nd5 3. d4 Nb6 4. c4 d6 5. exd6 exd6 6. Nc3 Be7 7. Nf3 Bg4 8.
Be2 Nc6 9. b3 O-O 10. Be3 Bf6 11. Rc1 d5 12. c5 Nc8 13. O-O N8e7 14. h3 Bxf3
15. Bxf3 Nb4 16. a3 Na6 17. b4 c6 18. b5 Nc7 19. bxc6 bxc6 20. Qa4 Qd7 21.
Rb1 Ne6 22. Rfd1 Nf5 23. Nxd5 Bd8 24. Nb4 Nxe3 25. fxe3 Rc8 26. Bxc6 Qe7 27.
Bf3 Ng5 28. Kf2 Nxf3 29. gxf3 Qh4+ 30. Ke2 Qxh3 31. Rf1 Bh4 32. Nd3 Rfe8 33.
Ne5 Bf6 34. Ng4 Bg5 35. Rf2 h5 36. Rh2 hxg4 37. Rxh3 Rxe3+ 38. Kf2 gxh3 39.
Qd7 Rce8 40. Qxh3 Bf4 41. Rb2 Re1 42. c6 Rc1 43. c7 Be3+ 44. Ke2 Bxd4+ 45.
Kd3 Bxb2 46. Qd7 Rf8 47. Qd8 Bxa3 48. c8=Q Rxc8 49. Qxc8 Rxc8 50. Ke4 Rc4+
{White forfeits on time}
0-1

[Event "ICCopen2017"]
[Site "Internet Chess Club"]
[Date "2017.03.19"]
[Round "11"]
[White "mrneale"]
[Black "canary2016"]
[Result "1-0"]
[ICCResult "Black forfeits on time"]
[WhiteElo "1080"]
[BlackElo "1015"]
[Opening "Caro-Kann: advance variation"]
[ECO "B12"]
[NIC "CK.04"]
[Time "21:15:45"]
[TimeControl "180+0"]

1. e4 c6 2. d4 d5 3. e5 Bf5 4. Bd3 Bxd3 5. Qxd3 e6 6. f4 Nd7 7. Nf3 Ne7 8.
O-O Nf5 9. c3 Be7 10. Be3 O-O 11. Bf2 Rc8 12. Nbd2 c5 13. Rac1 cxd4 14. cxd4
Qb6 15. Nb3 a5 16. Rc2 a4 17. Nbd2 Bb4 18. Rfc1 Rxc2 19. Rxc2 Bxd2 20. Qxd2
Qb5 21. Qc1 h6 22. Rc7 Nb6 23. Rxb7 Qa6 24. Rc7 Nc4 25. b3 Nb6 26. Rc6 axb3
27. axb3 Rc8 28. Rxc8+ {Black forfeits on time} 1-0

[Event "ICCopen2017"]
[Site "Internet Chess Club"]
[Date "2017.03.19"]
[Round "11"]
[White "progre69"]
[Black "Falstaf"]
[Result "0-1"]
[ICCResult "White resigns"]
[WhiteElo "2154"]
[BlackElo "2911"]
[Opening "Ruy Lopez: modern Steinitz defense"]
[ECO "C71"]
[NIC "RL.10"]
[Time "21:16:51"]
[TimeControl "180+0"]

1. e4 e5 2. Nf3 Nc6 3. Bb5 a6 4. Ba4 d6 5. h3 Bd7 6. O-O g6 7. d4 Bg7 8.
dxe5 Nxe5 9. Bxd7+ Nxd7 10. c3 Ngf6 11. Nbd2 O-O 12. Re1 Re8 13. Qc2 a5 14.
Nf1 Nc5 15. Ng3 Qd7 16. Bg5 h6 17. Bxf6 Bxf6 18. Nd4 Bg7 19. Rad1 h5 20. b4
axb4 21. cxb4 Ne6 22. Nf3 Qa4 23. Qd3 Qxa2 24. b5 Nc5 25. Qf1 b6 26. Nd4 h4
27. Nge2 Nxe4 28. Nf4 Nf6 29. Ra1 Qb2 30. Rxa8 Rxa8 31. Nc6 Qb3 32. Rc1 Bf8
33. Qe1 Qxb5 34. Ne7+ Bxe7 35. Qxe7 Qe5 36. Qd7 Nxd7 {White resigns} 0-1

[Event "ICCopen2017"]
[Site "Internet Chess Club"]
[Date "2017.03.19"]
[Round "11"]
[White "KRASAVCHIK"]
[Black "AlirezaFirouzja"]
[Result "1/2-1/2"]
[ICCResult "Black stalemated"]
[WhiteElo "3297"]
[BlackElo "2724"]
[Opening "Ruy Lopez: closed, Flohr-Zaitsev system (Lenzerheide variation)"]
[ECO "C92"]
[NIC "RL.26"]
[Time "21:14:42"]
[TimeControl "180+0"]

1. e4 e5 2. Nf3 Nc6 3. Bb5 a6 4. Ba4 Nf6 5. O-O Be7 6. Re1 b5 7. Bb3 d6 8.
c3 O-O 9. h3 Bb7 10. d4 Re8 11. Nbd2 exd4 12. cxd4 Nd7 13. Nf1 Bf6 14. Ng3
Na5 15. Bc2 c5 16. Nh5 cxd4 17. Nxf6+ Nxf6 18. Qxd4 Rc8 19. Qd1 Bxe4 20.
Bxe4 Nxe4 21. Be3 Nc4 22. Bd4 d5 23. b3 Ncd6 24. Bb2 Qb6 25. Qd4 Qxd4 26.
Nxd4 f6 27. f3 Nc5 28. Ba3 Ndb7 29. Nf5 Nd3 30. Ne7+ Kf7 31. Red1 Rxe7 32.
Bxe7 Nf4 33. Ba3 Rc2 34. Bc1 Nxg2 35. Rxd5 Ke6 36. Rd2 Rxd2 37. Bxd2 Nh4 38.
Kf2 Nf5 39. Rc1 Kd7 40. Bf4 Nbd6 41. Bxd6 Kxd6 42. Rc8 Nd4 43. Ra8 Kc5 44.
Rxa6 Kb4 45. Ra7 Nf5 46. a4 bxa4 47. bxa4 h5 48. a5 Kb5 49. f4 g5 50. fxg5
fxg5 51. a6 Nd6 52. Rd7 Ne4+ 53. Ke3 Nc5 54. a7 Nxd7 55. a8=Q Kc5 56. Qa5+
Kd6 57. Qxg5 Ke6 58. Qxh5 Nf6 59. Qf3 Nd5+ 60. Kd4 Nf6 61. Qf4 Ne8 62. Qe5+
Kf7 63. Ke4 Ng7 64. Kf4 Ne8 65. Kg4 Ng7 66. h4 Ne6 67. Qxe6+ Kxe6 68. Kg5
Kf7 69. Kh6 Kg8 70. h5 Kh8 71. Kg6 Kg8 72. Kh6 Kh8 73. Kg5 Kg8 74. Kg6 Kh8
75. h6 Kg8 76. h7+ Kh8 77. Kh6 {Black stalemated} 1/2-1/2

[Event "ICCopen2017"]
[Site "Internet Chess Club"]
[Date "2017.03.19"]
[Round "11"]
[White "sec7"]
[Black "ElMarginal"]
[Result "1-0"]
[ICCResult "Black forfeits on time"]
[WhiteElo "1324"]
[BlackElo "1435"]
[Opening "KP: Nimzovich defense"]
[ECO "B00"]
[NIC "VO.04"]
[Time "21:16:22"]
[TimeControl "180+0"]

1. e4 Nc6 2. Bc4 Nf6 3. d3 e6 4. Nc3 d5 5. exd5 exd5 6. Bb3 Na5 7. Bg5 Nxb3
8. axb3 Be7 9. Nf3 Be6 10. O-O O-O 11. d4 c6 12. Ne5 Nd7 13. Bxe7 Qxe7 14.
f4 Bf5 15. g4 Be4 16. Nxe4 dxe4 17. Qe2 Nxe5 18. dxe5 f5 19. exf6 Rxf6 20.
Rae1 Re8 21. g5 Rf5 22. Qc4+ Qe6 23. Rxe4 Qxc4 24. Rxc4 g6 25. Kg2 Kf7 26.
Rf2 Rd5 27. c3 Ke6 28. Re4+ Kf7 29. Rxe8 Kxe8 30. Re2+ Kf7 31. Kf3 a6 32. h4
b5 33. c4 bxc4 34. bxc4 Rc5 35. b3 Ra5 36. Re3 Ra2 37. Rd3 Rb2 38. Rd7+ Kg8
39. Rb7 a5 40. Rb8+ Kf7 41. Rb7+ Kg8 42. Rb6 a4 43. Rb8+ Kf7 44. Ra8 Rxb3+
45. Ke4 a3 46. Ra7+ Kg8 47. Ke5 Re3+ 48. Kf6 Re8 49. Rxa3 Rf8+ 50. Ke5 Rf5+
51. Ke4 Rc5 52. Ra8+ Kf7 53. Kd4 Rf5 54. Ra7+ Kg8 55. Ke4 Rc5 56. Ra4 Kf7
57. Ra7+ Kg8 58. Rc7 Kh8 59. Rc8+ Kg7 60. Kd4 Rf5 61. Rc7+ Kg8 62. Ke4 Rc5
63. Re7 Rxc4+ 64. Ke5 Rc5+ 65. Kd6 Rf5 66. Kxc6 Rf8 67. Re8 Rxe8 68. Kd6 Rf8
69. Kd5 Rf5+ 70. Kd4 Kf7 71. Ke3 {Black forfeits on time} 1-0

[Event "ICCopen2017"]
[Site "Internet Chess Club"]
[Date "2017.03.19"]
[Round "11"]
[White "nr3"]
[Black "star-night"]
[Result "0-1"]
[ICCResult "White checkmated"]
[WhiteElo "1641"]
[BlackElo "1933"]
[Opening "Scandinavian: Marshall variation"]
[ECO "B01"]
[NIC "SD.03"]
[Time "21:15:51"]
[TimeControl "180+0"]

1. e4 d5 2. exd5 Nf6 3. d4 Nxd5 4. c4 Nb6 5. Nf3 Bg4 6. h3 Bxf3 7. gxf3 Nc6
8. Bg2 e5 9. d5 Nd4 10. O-O Nxc4 11. Qa4+ b5 12. Qd1 Bd6 13. Nc3 O-O 14. Ne4
f5 15. Bg5 Qe8 16. Nxd6 cxd6 17. f4 Nxb2 18. Qd2 Nc4 19. Qb4 Ne2+ 20. Kh2
Nxf4 21. Bxf4 exf4 22. a4 f3 23. Bh1 Qe5+ 24. Kg1 Qf4 25. Rfe1 Rf6 26. Re3
Qg5+ 27. Kh2 Nxe3 28. fxe3 Qxe3 29. Re1 Qf2+ 30. Bg2 Qxg2# {White
checkmated} 0-1

[Event "ICCopen2017"]
[Site "Internet Chess Club"]
[Date "2017.03.19"]
[Round "11"]
[White "BillietheKid"]
[Black "anakinnn"]
[Result "1-0"]
[ICCResult "Black forfeits on time"]
[WhiteElo "1381"]
[BlackElo "1256"]
[Opening "Alekhine's defense: modern, Schmid variation"]
[ECO "B03"]
[NIC "AL.09"]
[Time "21:17:41"]
[TimeControl "180+0"]

1. e4 Nf6 2. e5 Nd5 3. d4 Nb6 4. Nf3 d6 5. Bd3 g6 6. Be3 Bg7 7. Nc3 O-O 8.
Qd2 dxe5 9. dxe5 Nc6 10. Bh6 Nb4 11. Bxg7 Nxd3+ 12. cxd3 Kxg7 13. O-O Bf5
14. d4 Bg4 15. Qf4 Bxf3 16. Qxf3 Qxd4 17. Qxb7 Qxe5 18. Rfe1 Qd6 19. Rad1
Qb4 20. Qxc7 Qxb2 21. Qe5+ Kg8 22. Nd5 Qxe5 23. Rxe5 Nxd5 24. Rdxd5 Rab8 25.
g3 Rb2 26. Ra5 e6 27. Rxa7 Rc8 28. Re3 Rcc2 29. Rf3 Rxa2 30. Raxf7 Ra1+ 31.
Kg2 e5 32. Re7 Re1 33. Rff7 h5 34. Rg7+ Kf8 35. Ref7+ Ke8 36. Rf6
{Black forfeits on time}
1-0